 Dungeon Crawl Stone Soup version 0.27-a0-1220-g54dba09ff7 (webtiles) character file.

Game seed: 5803227418645521869

2635 Bnni the Quickloader (level 9, -4/57 HPs)
             Began as a Kobold Hunter on June 7, 2021.
             Was a Follower of Okawaru.
             Slain by Morbidden's ghost (12 damage)
             ... on level 6 of the Dungeon.
             The game lasted 00:17:53 (10179 turns).

Bnni the Quickloader (Kobold Hunter)               Turns: 10179, Time: 00:17:54

Health: -4/57      AC:  4    Str: 10    XL:     9   Next: 92%
Magic:  9/9        EV: 15    Int: 12    God:    Okawaru [*.....]
Gold:   249        SH:  5    Dex: 18    Spells: 8/8 levels left

rFire    . . .     SeeInvis .   a - +2 hand crossbow
rCold    . . .     Faith    .   (shield restricted)
rNeg     . . .     Spirit   .   c - +0 leather armour
rPois    .         Reflect  +   (no helmet)
rElec    .         Harm     .   (no cloak)
rCorr    .         Rampage  .   (no gloves)
Will     .....                  i - +0 pair of boots
Stlth    +++++.....             m - amulet of reflection
HPRegen  0.19/turn              (no ring)
MPRegen  0.11/turn              (no ring)

@: no status effects
A: small, no large weapons, nightstalker 3
a: Renounce Religion, Heroism


You were on level 6 of the Dungeon.
You worshipped Okawaru.
Okawaru was aware of your devotion.
You visited 2 branches of the dungeon, and saw 7 of its levels.

You collected 249 gold pieces.

Inventory:

Hand Weapons
 a - a +2 hand crossbow (weapon)
 h - a +1 dagger of draining
 q - a +2 short sword of electrocution
Missiles
 b - 13 curare-tipped darts
 d - 65 bolts (quivered ammo)
 j - 12 poisoned darts
Armour
 c - a +0 leather armour (worn)
 i - a +0 pair of boots (worn)
Jewellery
 m - an amulet of reflection (around neck)
Wands
 u - a wand of iceblast (5)
Scrolls
 e - 2 scrolls of amnesia
 k - 2 scrolls of holy word
 p - 2 scrolls of teleportation
 r - a scroll of vulnerability
 B - a scroll of enchant weapon
Potions
 f - 3 potions of curing
 g - 2 potions of mutation
 l - a potion of haste {unknown}
 n - a potion of attraction {unknown}
 o - a potion of flight {unknown}
 s - 2 potions of resistance {unknown}
 v - a potion of magic {unknown}
 A - a potion of ambrosia {unknown}


   Skills:
 + Level 7.4 Fighting
 * Level 7.4 Short Blades
 - Level 10.0 Crossbows
 + Level 3.2 Dodging
 + Level 8.0 Stealth


You had 8 spell levels left.
You didn't know any spells.
Your spell library contained the following spells:

 Spells                   Type           Power      Damage    Failure   Level
 Magic Dart               Conj           0%         1d3       41%         1
 Blink                    Tloc           N/A        N/A       56%         2
 Call Imp                 Summ           0%         N/A       56%         2
 Slow                     Hex            0%         N/A       56%         2
 Conjure Flame            Conj/Fire      0%         6-21      80%         3
 Mephitic Cloud           Conj/Pois/Air  0%         N/A       80%         3


Dungeon Overview and Level Annotations

Branches:
Dungeon (6/15)             Temple (1/1) D:6

Altars:
Ashenzari
Cheibriados
Dithmenos
Elyvilon
Fedhas
Gozag
Hepliaklqana
Kikubaaqudgha
Makhleb
Nemelex Xobeh
Okawaru
Qazlal
Ru
Sif Muna
Trog
Uskayaw
Vehumet
Wu Jian
Xom
Yredelemnul
Zin
The Shining One

Shops:
D:2 *   D:4 (

Annotations:
D:6 Morbidden's ghost, novice TrMo


Innate Abilities, Weirdness & Mutations

You are small and have problems with some larger weapons.
You are completely attuned to the shadows.


Message History

Press: ? - help, Q - select action, (/) - cycle Shift-Dir - straight line, f/p - Morbidden's ghost
Aim: Morbidden's ghost (severely damaged, 70% to hit)
You shoot a bolt. The bolt hits Morbidden's ghost.
Morbidden's ghost is almost destroyed.
Morbidden's ghost hits you.
* * * LOW HITPOINT WARNING * * *
You see here 21 stones.
Press: ? - help, v - describe, . - travel
Here: Morbidden's ghost (severely damaged)
The floor.
Fire: 69 bolts
Press: ? - help, Q - select action, (/) - cycle Shift-Dir - straight line, f/p - Morbidden's ghost
Aim: Morbidden's ghost (severely damaged, 70% to hit)
You shoot a bolt.
The bolt closely misses Morbidden's ghost.
Morbidden's ghost closely misses you.
There is a stone staircase leading down here.
Morbidden's ghost whispers, "Soon you will have time, lots of time..."
Fire: 68 bolts
Press: ? - help, Q - select action, (/) - cycle Shift-Dir - straight line, f/p - Morbidden's ghost
Aim: Morbidden's ghost (severely damaged, 70% to hit)
You shoot a bolt.
The bolt barely misses Morbidden's ghost.
Morbidden's ghost hits you!
* * * LOW HITPOINT WARNING * * *
Morbidden's ghost wails, "To die, to sleep, no more."
Fire: 67 bolts
Press: ? - help, Q - select action, (/) - cycle Shift-Dir - straight line, f/p - Morbidden's ghost
Aim: Morbidden's ghost (severely damaged, 70% to hit)
You shoot a bolt. The bolt hits Morbidden's ghost!
Morbidden's ghost is severely damaged.
Morbidden's ghost hits you but does no damage.
Fire: 66 bolts
Press: ? - help, Q - select action, (/) - cycle Shift-Dir - straight line, f/p - Morbidden's ghost
Aim: Morbidden's ghost (severely damaged, 70% to hit)
You shoot a bolt.
The bolt hits Morbidden's ghost but does no damage.
Morbidden's ghost is severely damaged.
Morbidden's ghost hits you!
You die...

..#.#..#.# #.# #.#.#
##.$?(.#### #<# #..#.
#(...(.(# #.# ##.###
##(..(.## #(# #.## #
###..(....# #.# ##.###
#.###'''### #.# #..#.
#.........# #.# ##.#.#
#.......##########.##
######.)###
#......รท.......W@...#
#..........
#.......#.#.#.#####.#
#.####.).##
#.......#.#.#.### #.# #.#
#.).# #..(....#.#.#...#
#.# #.# #...#
#########.#.###.# #.# #.#
#...# #.#.# #.# #.# #.#
#...##
#.#.###.###.###.####...#.
##.#.#....................
######
#....#.#................##


You could see Morbidden's ghost.

Vanquished Creatures
  A troll (D:5)
  A water moccasin (D:5)
  2 sky beasts
  A black bear (D:6)
  A necrophage (D:5)
  3 ogres
  2 centaurs
  2 phantoms (D:4)
  A kobold brigand (D:5)
  A bullfrog (D:6)
  5 scorpions
  3 water moccasin skeletons
  A crimson imp (D:4)
  A bullfrog zombie (D:6)
  2 centaur zombies (D:6)
  3 hounds (D:6)
  An orc priest (D:6)
  A centaur skeleton (D:6)
  3 jellies
  Ijyb (D:3)
  3 iguanas
  An orc wizard (D:5)
  A killer bee zombie (D:5)
  A centaur simulacrum (D:6)
  A hound skeleton (D:4)
  A killer bee simulacrum (D:6)
  10 gnolls
  5 adders
  A howler monkey simulacrum (D:6)
  3 white imps
  3 ufetubi
  2 worms
  4 dart slugs
  7 orcs
  6 endoplasms
  4 giant cockroaches
  6 goblins
  4 hobgoblins
  11 jackals
  9 kobolds
  2 quokkas (D:2)
  6 ball pythons
  6 bats
  3 frilled lizards (D:2)
  7 rats
143 creatures vanquished.

Vanquished Creatures (others)
  A kobold (D:6)
1 creature vanquished.

Grand Total: 144 creatures vanquished

Notes
Turn   | Place    | Note
-------+----------+-------------------------------------------
     0 | D:1      | Bnni the Kobold Hunter began the quest for the Orb.
     0 | D:1      | Reached XP level 1. HP: 12/12 MP: 1/1
   298 | D:1      | Reached skill level 5 in Crossbows
   335 | D:1      | Reached XP level 2. HP: 13/18 MP: 2/2
  1275 | D:2      | Reached XP level 3. HP: 22/22 MP: 3/3
  1291 | D:2      | Found Kaotsonn's Assorted Antiques.
  1328 | D:2      | HP: 1/22 [worm (8)]
  1919 | D:2      | Reached XP level 4. HP: 25/27 MP: 4/4
  3012 | D:3      | Reached skill level 6 in Crossbows
  3112 | D:3      | Found a faded altar of an unknown god.
  3462 | D:2      | Reached XP level 5. HP: 7/32 MP: 5/5
  4002 | D:3      | Noticed Ijyb
  4015 | D:3      | Killed Ijyb
  4273 | D:4      | Found Qatrav's Weapon Shoppe.
  4370 | D:3      | Reached XP level 6. HP: 21/37 MP: 6/6
  4730 | D:4      | Reached skill level 7 in Crossbows
  4959 | D:4      | Noticed an ogre
  4968 | D:4      | Killed an ogre
  4969 | D:4      | Reached XP level 7. HP: 44/44 MP: 7/7
  5271 | D:4      | Reached skill level 8 in Crossbows
  5610 | D:4      | Reached skill level 5 in Fighting
  5670 | D:4      | Reached skill level 9 in Crossbows
  5942 | D:4      | Found a snail-covered altar of Cheibriados.
  6042 | D:5      | Entered Level 5 of the Dungeon
  6070 | D:5      | Reached XP level 8. HP: 49/49 MP: 8/8
  6914 | D:5      | Reached skill level 1 in Short Blades
  6986 | D:5      | Noticed a troll
  7004 | D:5      | Killed a troll
  7005 | D:5      | Reached skill level 10 in Crossbows
  7038 | D:5      | Reached XP level 9. HP: 55/55 MP: 9/9
  7482 | D:5      | HP: 2/48 [asphyx]
  7903 | D:6      | Found a staircase to the Ecumenical Temple.
  7913 | Temple   | Entered the Ecumenical Temple
  7941 | Temple   | Became a worshipper of Warmaster Okawaru
  8382 | D:6      | Reached skill level 5 in Short Blades
  8907 | D:6      | Reached * piety under Okawaru
  9818 | D:6      | Found a runed translucent gate.
  9818 | D:6      | Found a runed translucent gate.
  9820 | D:6      | Found a runed translucent gate.
  9915 | D:6      | Noticed Morbidden's ghost (novice TrMo)
 10179 | D:6      | Slain by Morbidden's ghost

Illustrated notes

Levels and vault maps discovered:
D:1:      dpeg_arrival_water_fire, layout_rooms, minmay_pentomino_w2
D:2:      layout_basic, serial_shops, shop
D:3:      layout_rooms, basic_ecumenical_altar, uniq_ijyb
D:4:      layout_loops_ring, kennysheep_little_box,
          cheibrodos_sewer_entry_drain, serial_shops, shop,
          minmay_fire_ice_demons
D:5:      layout_basic
D:6:      minmay_chambers_of_threes, layout_loops_ring,
          minmay_temple_entry_grid, gammafunk_ghost_necromancy,
          kennysheep_generic_room_5
Temple:   nicolae_temple_the_god_donut

Skill      XL: |  1  2  3  4  5  6  7  8  9 |
---------------+----------------------------+-----
Crossbows      | 5 6 7 9 10 | 10.0
Stealth        | 2 3 4 6 8 |  8.0
Fighting       | 3 4 5 6 7 |  7.4
Short Blades   | 3 7 |  7.4
Dodging        | 3 |  3.2

Action                   |  1- 3 |  4- 6 |  7- 9 || total
-------------------------+-------+-------+-------++-------
Melee: Dagger            |    59 |    67 |    56 ||   182
       Short sword       |     5 |    86 |   137 ||   228
 Fire: Hand crossbow     |    20 |     8 |    88 ||   116
Throw: Dart              |     2 |     4 |     8 ||    14
Invok: Heroism           |       |       |     1 ||     1
  Use: Scroll            |       |       |    14 ||    14
       Potion            |       |       |     4 ||     4
 Stab: Sleeping          |    10 |    15 |    13 ||    38
       Distracted        |       |     4 |     3 ||     7
Armor: Leather armour    |    18 |    43 |    51 ||   112
Dodge: Dodged            |    46 |   113 |   144 ||   303
Block: Other             |       |    29 |    43 ||    72
       Reflection        |       |       |     2 ||     2

Table legend: (Time is in decaauts)
 A = Elapsed time spent in this place.
 B = Non-inter-level travel time spent in this place.
 C = Inter-level travel time spent in this place.
 D = Time resting spent in this place.
 E = Time spent auto-exploring this place.
 F = Levels seen in this place.
 G = Mean time per level.
                   A        B        C        D        E       F      G
               +--------+--------+--------+--------+--------+-----+--------+
         Total |  10206 |   9905 |    301 |   3690 |   4599 |   7 | 1458.0 |
       Dungeon |   9915 |   9683 |    232 |   3576 |   4545 |   6 | 1652.5 |
        Temple |    290 |    221 |     69 |    114 |     54 |   1 |  290.0 |
               +--------+--------+--------+--------+--------+-----+--------+

Top non-repeatable levels by time:
     D:2: 2218 daAuts
     D:5: 1924 daAuts
     D:4: 1825 daAuts
     D:6: 1796 daAuts
     D:1: 1252 daAuts
     D:3: 897 daAuts
  Temple: 290 daAuts
